[Event "Titled Tuesday Blitz July 11 Late 2023"]
[White "Lopez Gracia, Fernando"]
[Black "Thiel, Thomas"]
[WhiteFideId "2207184"]
[BlackFideId "4615964"]
[WhiteElo "2393"]
[BlackElo "2221"]
[Result "0-1"]
[Round "9"]
[TimeControl "180+2"]
[Date "2023.07.11"]
[WhiteClock "0:02:23"]
[BlackClock "0:01:41"]
[Board "101"]

1. e4 d5 2. exd5 Nf6 3. Nc3 Nxd5 4. Nf3 g6 5. Bc4 Nb6 6. Bb3 Bg7 7. O-O O-O 8. d3 Nc6 9. Bg5 Bg4 10. h3 Bxf3 11. Qxf3 Rb8 12. Rfe1 Bf6 13. Bxf6 exf6 14. Ne4 Kg7 15. Re2 Nd4 16. Qe3 Nxe2+ 17. Qxe2 Re8 18. Qd2 Rxe4 19. Qc3 Re7 20. a4 c6 21. a5 Nd5 22. Qd4 Rd7 23. Qg4 h5 24. Qg3 Qc7 25. Qf3 Re8 26. a6 b6 27. g3 Re5 28. c4 Ne7 29. Rc1 Nf5 30. Ba2 Nd4 0-1


[Site "https://www.chess.com"]

[Event "Titled Tuesday Blitz July 11 Late 2023"]
[White "Toktomushev, Teimur"]
[Black "Vila Dupla, Aurelio"]
[WhiteFideId "14176726"]
[BlackFideId "2203383"]
[WhiteElo "2390"]
[BlackElo "2180"]
[Result "1-0"]
[Round "9"]
[TimeControl "180+2"]
[Date "2023.07.11"]
[WhiteClock "0:00:03"]
[BlackClock "0:00:00"]
[Board "102"]

1. d4 Nf6 2. c4 g6 3. Nc3 d5 4. cxd5 Nxd5 5. e4 Nxc3 6. bxc3 Bg7 7. Be3 c5 8. Qd2 Qa5 9. Nf3 O-O 10. Rc1 cxd4 11. cxd4 Qxd2+ 12. Nxd2 e6 13. Nb3 Rd8 14. Bg5 f6 15. Be3 Bd7 16. Bc4 Nc6 17. Nc5 Kf7 18. Nxb7 Rdc8 19. Nd6+ Ke7 20. Nxc8+ Rxc8 21. O-O Na5 22. Ba6 Rb8 23. d5 exd5 24. exd5 Rb2 25. Bxa7 Rxa2 26. Rfe1+ Kf7 27. Bc5 Bf8 28. Bxf8 Kxf8 29. Rc7 Ba4 30. d6 1-0


[Site "https://www.chess.com"]

[Event "Titled Tuesday Blitz July 11 Late 2023"]
[White "Navyblue1"]
[Black "Carrasco Miranda, Andres"]
[BlackFideId "3405990"]
[WhiteElo "1866"]
[BlackElo "2387"]
[Result "1/2-1/2"]
[Round "9"]
[TimeControl "180+2"]
[Date "2023.07.11"]
[WhiteClock "0:00:11"]
[BlackClock "0:00:14"]
[Board "103"]

1. d4 Nf6 2. c4 g6 3. Nc3 d5 4. Nf3 Bg7 5. Qb3 dxc4 6. Qxc4 O-O 7. e4 Nc6 8. d5 Na5 9. Qa4 c6 10. dxc6 Nxc6 11. Bd2 Bd7 12. Be2 a5 13. Bb5 Nb4 14. O-O Bxb5 15. Qxb5 Qd3 16. Qxd3 Nxd3 17. Rab1 Rfd8 18. h3 Ne5 19. Nxe5 Rxd2 20. Nf3 Rd7 21. Ne5 Rd2 22. Nf3 Rdd8 23. Rfd1 e6 24. Kf1 Nd7 25. Ke2 Nc5 26. e5 Kf8 27. Nb5 Ke7 28. b3 b6 29. Rxd8 Rxd8 30. Rc1 Bh6 31. Rc2 Rd5 32. Nbd4 Bg7 33. Ke3 Bxe5 34. Nc6+ Kf6 35. Ncxe5 Rxe5+ 36. Nxe5 Kxe5 37. f4+ Kd5 38. Rc4 f5 39. Rd4+ Kc6 40. Rc4 Kd5 41. Rd4+ Kc6 42. Rc4 Kd5 1/2-1/2


[Site "https://www.chess.com"]

[Event "Titled Tuesday Blitz July 11 Late 2023"]
[White "Papayan, Oleg"]
[Black "Ricaurte Lopez, Juan Carlos"]
[WhiteFideId "4193911"]
[BlackFideId "3600327"]
[WhiteElo "2476"]
[BlackElo "2143"]
[Result "1-0"]
[Round "9"]
[TimeControl "180+2"]
[Date "2023.07.11"]
[WhiteClock "0:00:18"]
[BlackClock "0:00:00"]
[Board "104"]

1. d4 c5 2. d5 e5 3. e4 d6 4. Bb5+ Bd7 5. a4 Na6 6. Bxa6 Qa5+ 7. Nc3 Qxa6 8. Be3 f5 9. f3 f4 10. Bf2 Nf6 11. Nge2 Be7 12. b3 O-O 13. Qd3 Qxd3 14. cxd3 a6 15. a5 Rfb8 16. Kd2 b5 17. axb6 Rxb6 18. Kc2 Kf7 19. Ra3 g5 20. h3 h5 21. Rha1 Kg6 22. Na4 Rb7 23. Nb2 Bb5 24. Nc3 Rab8 25. Nc4 g4 26. Rxa6 Bxa6 27. Rxa6 Rxb3 28. hxg4 hxg4 29. fxg4 Nxg4 30. Be1 Ne3+ 31. Nxe3 Rb2+ 32. Kc1 fxe3 33. Nd1 Rxg2 34. Nxe3 Bg5 35. Rxd6+ Kf7 36. Bd2 1-0


[Site "https://www.chess.com"]

[Event "Titled Tuesday Blitz July 11 Late 2023"]
[White "Guzman Moneo, Alberto"]
[Black "Weisz, Bryan"]
[WhiteFideId "2209616"]
[BlackFideId "30934133"]
[WhiteElo "2386"]
[BlackElo "2320"]
[Result "1-0"]
[Round "9"]
[TimeControl "180+2"]
[Date "2023.07.11"]
[WhiteClock "0:01:01"]
[BlackClock "0:00:00"]
[Board "105"]

1. e4 e6 2. d3 Qh4 3. Nd2 Bc5 4. g3 Qf6 5. Ngf3 g5 6. e5 Qg7 7. Ne4 Be7 8. Nexg5 d6 9. d4 Nc6 10. exd6 cxd6 11. Bg2 Nf6 12. O-O Bd7 13. Re1 O-O-O 14. c3 h5 15. h4 Ng4 16. b4 Qg6 17. b5 Na5 18. Qa4 b6 19. c4 Kb8 20. Bf4 Rc8 21. c5 e5 22. dxe5 Rxc5 23. exd6 Bxd6 24. Bxd6+ Qxd6 25. Nxf7 Qf6 26. Nxh8 Qxh8 27. Qf4+ Kc8 28. Rac1 Nb7 29. Ng5 Qb2 30. Ne4 Rxc1 31. Rxc1+ Nc5 32. Nxc5 bxc5 33. Rxc5+ 1-0


[Site "https://www.chess.com"]

[Event "Titled Tuesday Blitz July 11 Late 2023"]
[White "AndresDelgado77"]
[Black "Campos, Maria Jose"]
[BlackFideId "146803"]
[WhiteElo "2309"]
[BlackElo "2376"]
[Result "1-0"]
[Round "9"]
[TimeControl "180+2"]
[Date "2023.07.11"]
[WhiteClock "0:00:30"]
[BlackClock "0:01:41"]
[Board "106"]

1. e4 e5 2. Nc3 Nf6 3. d4 exd4 4. Qxd4 Nc6 5. Qc4 g6 6. Bg5 Bg7 7. O-O-O O-O 8. f4 h6 9. Bh4 Qe8 10. e5 Nh5 11. Nd5 Nxe5 12. fxe5 Qxe5 13. c3 c6 14. Ne7+ Kh7 15. Nf3 Qa5 16. Nxc8 d5 17. Qb4 Qxb4 18. cxb4 Raxc8 19. Be7 Rfe8 20. Bd6 Re6 21. Bg3 f5 22. Bd3 Kh8 23. Rhe1 Rce8 24. Rxe6 Rxe6 25. Re1 Rxe1+ 26. Bxe1 Kg8 27. g3 Kf7 28. Bc3 Bf8 29. a3 Ke6 30. Nd4+ Kd6 31. Nf3 Nf6 32. Bxf6 1-0


[Site "https://www.chess.com"]

[Event "Titled Tuesday Blitz July 11 Late 2023"]
[White "Balla, Tamas-Kristof"]
[Black "Fominykh, Maria"]
[WhiteFideId "1208497"]
[BlackFideId "4142411"]
[WhiteElo "2372"]
[BlackElo "2206"]
[Result "1-0"]
[Round "9"]
[TimeControl "180+2"]
[Date "2023.07.11"]
[WhiteClock "0:00:03"]
[BlackClock "0:00:00"]
[Board "107"]

1. e4 e6 2. d4 d5 3. Nd2 c5 4. exd5 Qxd5 5. Ngf3 cxd4 6. Bc4 Qd8 7. O-O Nc6 8. Nb3 Nf6 9. Nbxd4 Nxd4 10. Nxd4 Qc7 11. Bb3 a6 12. Re1 Be7 13. Qf3 O-O 14. c3 Bd7 15. Bg5 b5 16. Bc2 h6 17. Bf4 Qc5 18. Rad1 Rad8 19. Qd3 Bc8 20. Be5 g6 21. Qg3 Kh7 22. h3 Nh5 23. Qf3 f5 24. Bh2 Ng7 25. Re5 Qb6 26. Rde1 Bf6 27. R5e2 Bxd4 28. cxd4 Qxd4 29. Be5 Qd5 30. Qc3 Rf7 31. Bb3 Qd3 32. Qa5 Rd5 33. Bxd5 Qxd5 34. Qc3 Bb7 35. f3 Nh5 36. Bh2 Qxa2 37. Rxe6 Ng7 38. Re7 Qd5 39. Rxf7 Qxf7 40. Qc7 Qxc7 41. Bxc7 Kg8 42. Re7 Bd5 43. Be5 Ne6 44. Ra7 Nc5 45. Rg7+ Kf8 46. Rxg6 Nd3 47. Bc3 h5 48. Rg5 Be6 49. Rxh5 Nf4 50. Rh6 a5 51. Rf6+ Ke7 52. Rh6 b4 53. Be5 Ne2+ 54. Kh2 a4 55. Rh7+ Ke8 56. Bd6 Bf7 57. Bxb4 Nd4 58. Rh8+ Kd7 59. Bc3 Ne6 60. Rh7 Ke8 61. Rh4 f4 62. Rh6 Kd7 63. Rf6 Ke8 64. Rh6 Ng5 65. Rh8+ Kd7 66. Ra8 Bb3 67. Rb8 Kc6 68. Rh8 Ne6 69. h4 Kd5 70. h5 Kc4 71. h6 a3 72. Ra8 a2 73. h7 Nc7 74. Ra7 Nb5 75. Ra5 1-0


[Site "https://www.chess.com"]

[Event "Titled Tuesday Blitz July 11 Late 2023"]
[White "Bobkov, Vadim"]
[Black "arturdailima"]
[WhiteFideId "34110876"]
[WhiteElo "2491"]
[BlackElo "2242"]
[Result "0-1"]
[Round "9"]
[TimeControl "180+2"]
[Date "2023.07.11"]
[WhiteClock "0:00:03"]
[BlackClock "0:01:10"]
[Board "108"]

1. d4 Nf6 2. c4 e6 3. Nc3 Bb4 4. f3 c5 5. d5 b5 6. e4 bxc4 7. Bxc4 O-O 8. Ne2 h6 9. O-O Ba6 10. Bxa6 Nxa6 11. e5 Nxd5 12. Nxd5 exd5 13. Qxd5 Nc7 14. Qe4 Re8 15. Qg4 Rxe5 16. Bxh6 Qf6 17. Bf4 Rxe2 18. Bxc7 Qxb2 19. Rad1 Qxa2 20. Rxd7 Qe6 21. Qxe6 Rxe6 22. Rfd1 a5 23. f4 a4 24. f5 Re1+ 25. Rxe1 Bxe1 26. Rd1 Bc3 27. Ra1 Bxa1 0-1


[Site "https://www.chess.com"]

[Event "Titled Tuesday Blitz July 11 Late 2023"]
[White "Kohler, Aran"]
[Black "KorolDimitriy75"]
[WhiteFideId "1002856"]
[WhiteElo "2236"]
[BlackElo "2408"]
[Result "1-0"]
[Round "9"]
[TimeControl "180+2"]
[Date "2023.07.11"]
[WhiteClock "0:01:28"]
[BlackClock "0:00:00"]
[Board "109"]

1. e4 c5 2. Nc3 g6 3. f4 Bg7 4. Nf3 Nc6 5. Bc4 e6 6. d3 Nge7 7. a3 O-O 8. Ba2 Nd4 9. O-O d5 10. Nxd4 cxd4 11. Ne2 dxe4 12. dxe4 Nc6 13. Kh1 Kh8 14. Bc4 Qc7 15. Bd3 f5 16. e5 b6 17. Bd2 Bb7 18. Qe1 Rac8 19. Rc1 Rfd8 20. Qh4 Ne7 21. Qh3 Be4 22. Bxe4 fxe4 23. Qxe6 Nf5 24. Ng3 e3 25. Bb4 a5 26. Nxf5 axb4 27. Nxg7 Qxg7 28. axb4 b5 29. Qh3 1-0


[Site "https://www.chess.com"]

[Event "Titled Tuesday Blitz July 11 Late 2023"]
[White "micke12a"]
[Black "Alexikov, Alexander"]
[BlackFideId "14103958"]
[WhiteElo "2354"]
[BlackElo "2225"]
[Result "1-0"]
[Round "9"]
[TimeControl "180+2"]
[Date "2023.07.11"]
[WhiteClock "0:01:39"]
[BlackClock "0:00:00"]
[Board "110"]

1. e4 c5 2. Nf3 d6 3. d4 cxd4 4. Qxd4 a6 5. Be2 Nc6 6. Qe3 Nf6 7. h3 e6 8. O-O Qc7 9. Rd1 Be7 10. c4 O-O 11. Nc3 b6 12. b3 Bb7 13. Bb2 Rfd8 14. Rac1 Ne5 15. Nxe5 dxe5 16. Qg3 Rxd1+ 17. Rxd1 Rd8 18. Rxd8+ Bxd8 19. Bd3 Nh5 20. Qf3 Nf4 21. Bf1 Be7 22. g3 Ng6 23. h4 Bc5 24. h5 Nf8 25. h6 Ng6 26. hxg7 Kxg7 27. Na4 Bd4 28. Bc1 f6 29. Bh3 Qe7 30. Be3 Bc6 31. Bxd4 exd4 32. Nxb6 f5 33. Qd3 Bxe4 34. Qxd4+ e5 35. Qe3 Qd6 36. Bg2 1-0


[Site "https://www.chess.com"]

[Event "Titled Tuesday Blitz July 11 Late 2023"]
[White "cedchass2006"]
[Black "Broca Jimenez, Fernando"]
[BlackFideId "5104742"]
[WhiteElo "2344"]
[BlackElo "2223"]
[Result "1/2-1/2"]
[Round "9"]
[TimeControl "180+2"]
[Date "2023.07.11"]
[WhiteClock "0:00:40"]
[BlackClock "0:00:06"]
[Board "111"]

1. e4 c5 2. Nf3 g6 3. d4 cxd4 4. Qxd4 Nf6 5. Nc3 Nc6 6. Qa4 d6 7. e5 dxe5 8. Nxe5 Bd7 9. Nxd7 Qxd7 10. Be3 Bg7 11. Rd1 Qc8 12. Be2 O-O 13. O-O Rd8 14. Rxd8+ Qxd8 15. Rd1 Qc7 16. Qf4 e5 17. Qc4 Rd8 18. Nd5 Nxd5 19. Rxd5 a6 20. Bf3 Rd7 21. Bb6 Qc8 22. Bg4 Rxd5 23. Bxc8 Rd1+ 24. Qf1 Rxf1+ 25. Kxf1 Nb4 26. Bxb7 Nxc2 27. Bxa6 e4 28. b3 Nb4 29. Bb7 Nxa2 30. Bxe4 Bc3 31. Ke2 Nb4 32. Bc5 f5 33. Bb7 Kf7 34. g3 Ke6 35. Ke3 g5 36. Bc8+ Kf6 37. Bxb4 Bxb4 38. Kd4 f4 39. Kc4 Be1 40. gxf4 gxf4 41. f3 h5 42. b4 Ke5 43. Kc5 Bf2+ 44. Kc6 Bg1 45. h3 Kd4 46. b5 Ke3 47. b6 Kxf3 48. b7 Ba7 49. Kc7 Kg3 50. b8=Q Bxb8+ 51. Kxb8 f3 52. Kc7 f2 53. Ba6 Kxh3 54. Kd6 Kh2 55. Ke5 Kg1 56. Kf4 Kg2 57. Kg5 h4 58. Kxh4 f1=Q 59. Bxf1+ 1/2-1/2


[Site "https://www.chess.com"]

[Event "Titled Tuesday Blitz July 11 Late 2023"]
[White "Cluke86"]
[Black "Kopacz, Grzegorz"]
[BlackFideId "1109880"]
[WhiteElo "2336"]
[BlackElo "2218"]
[Result "0-1"]
[Round "9"]
[TimeControl "180+2"]
[Date "2023.07.11"]
[WhiteClock "0:00:21"]
[BlackClock "0:00:13"]
[Board "112"]

1. e4 c5 2. Nc3 Nc6 3. f4 g6 4. Nf3 Bg7 5. a4 a6 6. g3 e6 7. Bg2 Nge7 8. O-O O-O 9. d3 d5 10. Qe1 c4 11. dxc4 Bxc3 12. Qxc3 dxe4 13. Ng5 f5 14. Be3 Qa5 15. Qb3 h6 16. c3 Qc7 17. Bb6 Qb8 18. Nh3 e5 19. c5+ Kg7 20. Rad1 Rf6 21. fxe5 Nxe5 22. Nf4 N7c6 23. Rf2 a5 24. Rfd2 h5 25. Rd6 Ng4 26. Bf1 Nce5 27. Rd8 Nf3+ 28. Kg2 Ne3+ 29. Kh1 Nxd1 30. Qg8+ Kh6 31. Qh8+ Kg5 32. h4+ Kg4 33. Qxf6 Kxg3 34. Ne2+ Kf2 35. Rxd1 Qh2# 0-1


[Site "https://www.chess.com"]

[Event "Titled Tuesday Blitz July 11 Late 2023"]
[White "Shapiro, Daniel"]
[Black "Tsukerman, Julia"]
[WhiteFideId "2001780"]
[BlackFideId "2621649"]
[WhiteElo "2310"]
[BlackElo "2084"]
[Result "0-1"]
[Round "9"]
[TimeControl "180+2"]
[Date "2023.07.11"]
[WhiteClock "0:00:00"]
[BlackClock "0:00:02"]
[Board "113"]

1. d4 d5 2. c4 e6 3. Nf3 Be7 4. g3 Nf6 5. Bg2 O-O 6. O-O dxc4 7. Ne5 Nc6 8. Bxc6 bxc6 9. Nxc6 Qe8 10. Nxe7+ Qxe7 11. Qa4 e5 12. dxe5 Qxe5 13. Qxc4 Re8 14. Nc3 Qh5 15. f3 Bh3 16. Rf2 c5 17. e4 Rad8 18. Be3 Nd7 19. Rd1 Ne5 20. Qe2 Rxd1+ 21. Qxd1 f5 22. Qd5+ Kh8 23. exf5 Qxf5 24. Qe4 Qc8 25. Re2 Ng6 26. Qc4 Ne5 27. Qd5 Ng6 28. Bxc5 Rd8 29. Bd6 h6 30. Rd2 Kh7 31. Kf2 Rd7 32. Qe4 Rf7 33. Bf4 Qa6 0-1


[Site "https://www.chess.com"]

[Event "Titled Tuesday Blitz July 11 Late 2023"]
[White "Miguelitro69"]
[Black "Semenova, Alina"]
[BlackFideId "24113875"]
[WhiteElo "2276"]
[BlackElo "2068"]
[Result "1-0"]
[Round "9"]
[TimeControl "180+2"]
[Date "2023.07.11"]
[WhiteClock "0:01:04"]
[BlackClock "0:00:00"]
[Board "114"]

1. e4 e5 2. Nf3 Nf6 3. d4 Nxe4 4. Bd3 d5 5. dxe5 Bc5 6. O-O O-O 7. Nbd2 Nxd2 8. Bxd2 Bg4 9. h3 Bh5 10. Bf4 Nd7 11. Be2 c6 12. c4 dxc4 13. Bxc4 Nb6 14. Bb3 Re8 15. Qe2 Qe7 16. g4 Bg6 17. Rad1 h6 18. h4 Rad8 19. h5 Bh7 20. Bg3 Nd7 21. Qc4 b5 22. Qc3 Be4 23. Nh4 Bb4 24. Qe3 Bh7 25. Ng6 Bxg6 26. hxg6 Rf8 27. gxf7+ Rxf7 28. e6 Rf6 29. exd7+ Kf8 30. Be5 Re6 31. Qf4+ 1-0


[Site "https://www.chess.com"]

[Event "Titled Tuesday Blitz July 11 Late 2023"]
[White "Burke, Paul"]
[Black "Elaisaz"]
[WhiteFideId "2605767"]
[WhiteElo "1917"]
[BlackElo "2268"]
[Result "1/2-1/2"]
[Round "9"]
[TimeControl "180+2"]
[Date "2023.07.11"]
[WhiteClock "0:00:14"]
[BlackClock "0:00:17"]
[Board "115"]

1. e4 g6 2. Nc3 Bg7 3. g3 d6 4. Bg2 Nd7 5. Nge2 e5 6. O-O Ne7 7. d3 O-O 8. f4 exf4 9. Nxf4 Nc6 10. h3 Nd4 11. Nce2 h5 12. Nxd4 Bxd4+ 13. Kh2 h4 14. g4 Be5 15. d4 Bg7 16. c3 Re8 17. Bd2 Nf6 18. Qc2 c5 19. Rae1 Qc7 20. g5 Nd7 21. Nd5 Qd8 22. Qd3 b6 23. Qf3 Rf8 24. Nf6+ Nxf6 25. gxf6 Bh8 26. e5 Bf5 27. Qf4 dxe5 28. dxe5 Rc8 29. Bc1 Qc7 30. Qxh4 Rfd8 31. Rxf5 gxf5 32. Qg5+ Kf8 33. Qh6+ Kg8 34. Qg5+ Kf8 35. Qh6+ Kg8 36. Qg5+ 1/2-1/2


[Site "https://www.chess.com"]

[Event "Titled Tuesday Blitz July 11 Late 2023"]
[White "Oliveira, Tiago Batista"]
[Black "Upper, John"]
[WhiteFideId "2108291"]
[BlackFideId "2606437"]
[WhiteElo "2150"]
[BlackElo "2003"]
[Result "1-0"]
[Round "9"]
[TimeControl "180+2"]
[Date "2023.07.11"]
[WhiteClock "0:01:38"]
[BlackClock "0:00:39"]
[Board "116"]

1. d4 Nf6 2. c4 e6 3. Nf3 d5 4. g3 Bb4+ 5. Bd2 Be7 6. Bg2 O-O 7. O-O c6 8. Qc2 Nbd7 9. Rd1 b6 10. Bf4 Ba6 11. Nbd2 Rc8 12. b3 h6 13. e4 dxe4 14. Nxe4 c5 15. dxc5 Nxe4 16. Qxe4 Nxc5 17. Rxd8 Nxe4 18. Rxf8+ Kxf8 19. Ne5 Nc3 20. Re1 Bf6 21. Nd7+ Ke7 22. Nxf6 gxf6 23. Bd2 Nxa2 24. Ra1 Nb4 25. Bxb4+ 1-0


[Site "https://www.chess.com"]

[Event "Titled Tuesday Blitz July 11 Late 2023"]
[White "Gazola, Vanessa Ramos"]
[Black "UgarteCesar"]
[WhiteFideId "2112590"]
[WhiteElo "2057"]
[BlackElo "2187"]
[Result "0-1"]
[Round "9"]
[TimeControl "180+2"]
[Date "2023.07.11"]
[WhiteClock "0:00:12"]
[BlackClock "0:00:12"]
[Board "117"]

1. d4 d5 2. c4 e6 3. Nc3 h6 4. cxd5 exd5 5. Bf4 Bd6 6. Bxd6 Qxd6 7. e3 c6 8. Bd3 Nf6 9. Nge2 O-O 10. O-O Re8 11. Rb1 Nbd7 12. b4 a6 13. a4 Nf8 14. b5 axb5 15. axb5 Ne6 16. bxc6 bxc6 17. Qc2 Bd7 18. Na4 Ng5 19. Nc5 Bg4 20. Ng3 h5 21. h3 h4 22. Nf5 Bxf5 23. Bxf5 Nfe4 24. Bxe4 dxe4 25. Rfc1 Rac8 26. Rb6 Qg6 27. Kh1 Qf5 28. Kg1 Qg6 29. Kf1 Qf5 30. Nb7 Re6 31. Nc5 Rf6 32. Rb7 Ra8 33. Nd7 Re6 34. Ne5 f6 35. Nxc6 Kh7 36. d5 Ree8 37. Nd4 Qe5 38. Qc7 Rg8 39. Qxe5 fxe5 40. Nf5 Ra2 41. d6 Ne6 42. Nxh4 Rf8 43. f3 exf3 44. gxf3 Ng5 45. f4 exf4 46. exf4 Rxf4+ 47. Kg1 Rxh4 48. d7 Nxh3+ 49. Kf1 Rd4 50. Re1 Rf2# 0-1


[Site "https://www.chess.com"]

[Event "Titled Tuesday Blitz July 11 Late 2023"]
[White "Gamboa, Juan Pablo"]
[Black "Sainz Aguirre, Ignacio"]
[WhiteFideId "105180"]
[BlackFideId "5101727"]
[WhiteElo "1926"]
[BlackElo "1994"]
[Result "0-1"]
[Round "9"]
[TimeControl "180+2"]
[Date "2023.07.11"]
[WhiteClock "0:00:00"]
[BlackClock "0:00:07"]
[Board "118"]

1. c4 e6 2. e4 d5 3. exd5 exd5 4. cxd5 Nf6 5. Bb5+ Bd7 6. Bc4 Bc5 7. Qe2+ Be7 8. Nf3 O-O 9. Ne5 Bf5 10. Nc3 Bd6 11. d4 Re8 12. O-O Nbd7 13. Bf4 Nb6 14. Bb3 a5 15. a3 a4 16. Ba2 Ng4 17. Qf3 Nxe5 18. Bxe5 Bxe5 19. Qxf5 Bxd4 20. d6 Bf6 21. dxc7 Qxc7 22. Rac1 Rac8 23. Ne4 Qxc1 24. Nxf6+ gxf6 25. Qb5 Qc6 26. Qh5 Re5 27. Qxf7+ Kh8 28. Bb1 f5 29. Bxf5 Qh6 30. Bxc8 Nxc8 31. Rd1 Nd6 32. Qc7 Re6 33. h3 Qf6 34. Qb8+ Kg7 35. Qc7+ Kg6 36. Qc2+ Qf5 37. Qxa4 Re2 38. Rf1 Ne4 0-1


[Site "https://www.chess.com"]

[Event "Titled Tuesday Blitz July 11 Late 2023"]
[White "Awoki, Daniel Teidi"]
[Black "Hartikainen, Jarmo"]
[WhiteFideId "2100827"]
[BlackFideId "503134"]
[WhiteElo "2315"]
[BlackElo "2095"]
[Result "0-1"]
[Round "9"]
[TimeControl "180+2"]
[Date "2023.07.11"]
[WhiteClock "0:00:04"]
[BlackClock "0:00:08"]
[Board "119"]

1. e4 c5 2. Nf3 Nc6 3. d4 cxd4 4. Nxd4 Nf6 5. Nc3 d6 6. Bg5 Bd7 7. Qd2 a6 8. O-O-O e6 9. f3 Be7 10. h4 Qc7 11. Kb1 b5 12. g4 Ne5 13. Nce2 Nc4 14. Qc1 O-O-O 15. Nf4 h6 16. Bxf6 Bxf6 17. Bxc4 Qxc4 18. Nb3 Qc7 19. Qd2 Bc6 20. Nd3 d5 21. exd5 Rxd5 22. Qf4 Qxf4 23. Nxf4 Rxd1+ 24. Rxd1 Rd8 25. Rxd8+ Kxd8 26. Nd2 Bxh4 27. Nd3 Bf6 28. Kc1 g6 29. c3 e5 30. Nc5 a5 31. Nce4 Be7 32. Kd1 f5 33. Nf2 Bg5 34. gxf5 gxf5 35. Nd3 Bf6 36. Ke2 Ke7 37. Kf2 Kd6 38. Kg3 Bg5 39. Nb3 a4 40. Nbc5 e4 41. fxe4 fxe4 42. Nxe4+ Bxe4 43. Nf2 Bb1 44. b3 Bf5 45. bxa4 bxa4 46. a3 Kc5 47. Kf3 Kc4 48. Ke2 Kxc3 49. Kd1 Kb3 50. Ke1 Kxa3 51. Ke2 Kb3 52. Kf3 a3 53. Ke2 a2 54. Kf3 a1=Q 55. Nd3 Qc3 56. Kg2 Qxd3 57. Kh1 Be4+ 58. Kh2 Bf4+ 59. Kg1 Qd1+ 60. Kf2 Qd2+ 61. Kf1 Qg2+ 62. Ke1 Bg3+ 63. Kd1 Bf3+ 64. Kc1 Bf4+ 65. Kb1 Qg1# 0-1


[Site "https://www.chess.com"]

[Event "Titled Tuesday Blitz July 11 Late 2023"]
[White "Gyulamiryan-koryun"]
[Black "Lutz, Igor Oscar"]
[BlackFideId "2110806"]
[WhiteElo "1862"]
[BlackElo "1970"]
[Result "1-0"]
[Round "9"]
[TimeControl "180+2"]
[Date "2023.07.11"]
[WhiteClock "0:00:46"]
[BlackClock "0:00:00"]
[Board "121"]

1. e4 c5 2. Nf3 Nc6 3. d4 cxd4 4. Nxd4 Nf6 5. Nc3 d6 6. f3 e6 7. Bg5 Be7 8. Ndb5 a6 9. Bxf6 gxf6 10. Nd4 Qb6 11. Nb3 Nb4 12. Be2 Bd7 13. Qd2 Rc8 14. a3 Nc6 15. O-O-O Ne5 16. Kb1 a5 17. Qd4 Qxd4 18. Nxd4 Rg8 19. g3 Nc4 20. Ndb5 Bxb5 21. Nxb5 Kd7 22. b3 Ne3 23. Rd3 Nxc2 24. Rc3 Rxc3 25. Nxc3 Nxa3+ 26. Kb2 Rc8 27. Rc1 d5 28. exd5 exd5 29. Nxd5 Rxc1 30. Kxc1 Kd6 31. Nxe7 Kxe7 32. Kb2 1-0


[Site "https://www.chess.com"]

[Event "Titled Tuesday Blitz July 11 Late 2023"]
[White "Carlsen, Magnus"]
[Black "Deac, Bogdan-Daniel"]
[WhiteFideId "1503014"]
[BlackFideId "1226380"]
[WhiteElo "3285"]
[BlackElo "3015"]
[Result "1-0"]
[Round "10"]
[TimeControl "180+2"]
[Date "2023.07.11"]
[WhiteClock "0:01:19"]
[BlackClock "0:00:07"]
[Board "1"]

1. b3 e5 2. Bb2 Nc6 3. c4 g6 4. Nf3 Bg7 5. e3 Nge7 6. d4 exd4 7. Nxd4 O-O 8. Nxc6 dxc6 9. Qxd8 Rxd8 10. Bxg7 Kxg7 11. Nc3 c5 12. Be2 h5 13. f4 a5 14. Kf2 Bd7 15. Rhd1 Bc6 16. Bf3 Bxf3 17. Kxf3 Nf5 18. Rxd8 Rxd8 19. Rd1 Rxd1 20. Nxd1 a4 21. bxa4 Nd6 22. Nb2 f5 23. a5 Kf6 24. Ke2 Ne4 25. Kd3 Nf2+ 26. Kd2 Ne4+ 27. Kc2 g5 28. Na4 gxf4 29. exf4 Ke6 30. Nc3 Nf6 31. Kd3 h4 32. Ke2 Ne8 33. Nd5 c6 34. Ne3 Nd6 35. Kf3 Ne4 36. g4 hxg3 37. hxg3 Nc3 38. a3 Nb1 39. Ke2 Nc3+ 40. Kd3 Ne4 41. g4 Nf2+ 42. Ke2 Nxg4 43. Nxg4 fxg4 44. Kf2 Kf6 45. Kg3 Kf5 46. a4 1-0


[Site "https://www.chess.com"]

[Event "Titled Tuesday Blitz July 11 Late 2023"]
[White "Nakamura, Hikaru"]
[Black "Caruana, Fabiano"]
[WhiteFideId "2016192"]
[BlackFideId "2020009"]
[WhiteElo "3242"]
[BlackElo "3114"]
[Result "1/2-1/2"]
[Round "10"]
[TimeControl "180+2"]
[Date "2023.07.11"]
[WhiteClock "0:00:05"]
[BlackClock "0:00:06"]
[Board "2"]

1. a3 a6 2. d4 Nf6 3. c4 c6 4. Bf4 d6 5. Nc3 g6 6. e3 Bg7 7. h3 O-O 8. Nf3 b5 9. Rc1 Nbd7 10. Be2 Nb6 11. cxb5 axb5 12. O-O Bd7 13. e4 Be6 14. Nd2 Nfd7 15. Be3 d5 16. e5 Nc4 17. Nxc4 bxc4 18. b3 Rxa3 19. bxc4 dxc4 20. Nb1 Rxe3 21. fxe3 Bh6 22. Rc3 Nb6 23. e4 Qd7 24. Na3 Rd8 25. Nxc4 Nxc4 26. Bxc4 Bxc4 27. Rxc4 Be3+ 28. Kh1 Bxd4 29. e6 fxe6 30. Qf3 c5 31. Qf7+ Kh8 32. Rcc1 Qe8 33. Qxe6 Rd6 34. Qg4 Kg7 35. Qg5 h6 36. Qh4 Qd7 37. Qg3 Qe6 38. Qf3 Rd8 39. Qe2 h5 40. Rf3 Rf8 41. Rxf8 Kxf8 42. Qf3+ Kg7 43. Rf1 Bf6 44. Qd3 c4 45. Qe2 c3 46. Qd3 Be5 47. Qf3 Bf6 48. Qd3 Be5 49. Qf3 Bf6 50. Qd3 1/2-1/2


[Site "https://www.chess.com"]

[Event "Titled Tuesday Blitz July 11 Late 2023"]
[White "Bolourchifard, Farzad"]
[Black "Firouzja, Alireza"]
[WhiteFideId "12510084"]
[BlackFideId "12573981"]
[WhiteElo "2713"]
[BlackElo "3106"]
[Result "0-1"]
[Round "10"]
[TimeControl "180+2"]
[Date "2023.07.11"]
[WhiteClock "0:00:03"]
[BlackClock "0:00:43"]
[Board "3"]

1. d4 Nf6 2. Nf3 g6 3. Bg5 Bg7 4. e3 h6 5. Bh4 O-O 6. Be2 c5 7. c3 cxd4 8. exd4 Nh5 9. Bg3 d6 10. O-O Nc6 11. Nfd2 Nxg3 12. hxg3 e5 13. Nb3 exd4 14. Nxd4 Nxd4 15. cxd4 Qb6 16. Na3 Qxd4 17. Qxd4 Bxd4 18. Rad1 Bxb2 19. Nc4 Bf6 20. Nxd6 Be6 21. a4 b6 22. Bf3 Rad8 23. Bc6 Be5 24. Nb5 Rxd1 25. Rxd1 a6 26. Re1 Rc8 27. Bb7 Rc5 28. Bxa6 Bb3 29. Re4 Bc2 30. Rb4 Rd5 31. Bb7 Rd1+ 32. Kh2 Ra1 33. f4 Rxa4 34. Rxa4 Bxa4 35. fxe5 Bxb5 36. g4 Bd7 37. Kg3 b5 38. Kf4 b4 39. Be4 b3 40. Bb1 g5+ 41. Ke3 Bxg4 42. Kd4 Be6 43. Kc3 h5 44. g3 h4 45. Be4 hxg3 0-1


[Site "https://www.chess.com"]

[Event "Titled Tuesday Blitz July 11 Late 2023"]
[White "Sarana, Alexey"]
[Black "Paravyan, David"]
[WhiteFideId "24133795"]
[BlackFideId "4194985"]
[WhiteElo "3068"]
[BlackElo "3028"]
[Result "0-1"]
[Round "10"]
[TimeControl "180+2"]
[Date "2023.07.11"]
[WhiteClock "0:00:00"]
[BlackClock "0:00:03"]
[Board "4"]

1. d4 Nf6 2. c4 g6 3. Nc3 d5 4. Bf4 Bg7 5. e3 c5 6. dxc5 Qa5 7. Rc1 dxc4 8. Bxc4 O-O 9. Nf3 Qxc5 10. Bb3 Bg4 11. h3 Qh5 12. O-O Bxf3 13. Qxf3 Qxf3 14. gxf3 Nc6 15. Rfd1 Rfd8 16. a3 e6 17. Ba4 Nd5 18. Nxd5 Rxd5 19. Rxd5 exd5 20. Bxc6 bxc6 21. Rxc6 Bxb2 22. a4 Rd8 23. Kf1 d4 24. Ke2 a5 25. Bd6 Bc3 26. Be7 Rd7 27. Rc8+ Kg7 28. Bf8+ Kf6 29. Rc6+ Kg5 30. Rc5+ Kh4 31. exd4 Bxd4 32. Rxa5 Kxh3 33. Rb5 h5 34. a5 h4 35. Bb4 f6 36. Kf1 Be5 37. Be1 Rd1 38. Ke2 Ra1 39. f4 Bxf4 40. Rb6 g5 41. Rxf6 Kg2 0-1


[Site "https://www.chess.com"]